 Dungeon Crawl Stone Soup version 0.31.0-11-ge490571c62 (webtiles) character file.

Game seed: 3253339022248699498

26171 Sobieck the Thaumaturge (level 12, -3/68 HPs)
             Began as a Deep Elf Conjurer on Feb 1, 2024.
             Was a High Priest of Vehumet.
             Killed from afar by a rime drake (9 damage)
             ... with an icy flash freeze
             ... on level 3 of the Lair of Beasts.
             The game lasted 00:40:50 (16396 turns).

Sobieck the Thaumaturge (Deep Elf Conjurer)        Turns: 16396, Time: 00:40:50

Health: -3/68      AC:  8    Str:  4    XL:     12   Next: 96%
Magic:  21/32      EV: 16    Int: 29    God:    Vehumet [*****.]
Gold:   347        SH:  0    Dex: 13    Spells: 18/39 levels left

rFire   . . .        t - staff of conjuration
rCold   . . .        (no shield)
rNeg    . . .        p - +0 steam dragon scales
rPois   .            d - +1 helmet
rElec   .            (no cloak)
rCorr   +            (no gloves)
SInv    .            n - +0 pair of boots
Will    +....        r - amulet of regeneration
Stlth   +++          g - ring of resist corrosion
HPRegen 1.11/turn    (no ring)
MPRegen 0.23/turn

%: no passive effects
@: no status effects
A: no striking features
a: Renounce Religion


You were on level 3 of the Lair of Beasts.
You worshipped Vehumet.
Vehumet was extremely pleased with you.
You visited 3 branches of the dungeon, and saw 16 of its levels.
You also visited: Ossuary.

You collected 969 gold pieces.
You spent 622 gold pieces at shops.

Inventory:

Hand Weapons
 i - the +5 hand axe of the Lurker {venom, Will+ Str+4 Int+3 SInv}
   (You found it on level 2 of the Dungeon)

   Str+4:     It affects your strength (+4).
   Int+3:     It affects your intelligence (+3).
   Will+:     It increases your willpower.
   SInv:      It lets you see invisible.
 k - a +3 quarterstaff
Missiles
 F - 6 curare-tipped darts
 Z - a throwing net
Armour
 a - a +0 robe
 d - a +1 helmet (worn)
 n - a +0 pair of boots (worn)
 p - +0 steam dragon scales (worn)
 x - the +0 chain mail of Beauty {SInv}
   (You found it on level 11 of the Dungeon)

   SInv:      It lets you see invisible.
 y - the +1 robe of Ceoni {MP+9 Str+7 Int-5 Dex+3}
   (You took it off Robin on level 2 of the Dungeon)

   Str+7:     It affects your strength (+7).
   Int-5:     It affects your intelligence (-5).
   Dex+3:     It affects your dexterity (+3).
   MP+9:      It affects your magic capacity (+9).
 C - an orb of mayhem
Magical Staves
 s - a staff of air
 t - a staff of conjuration (weapon)
Jewellery
 g - a ring of resist corrosion (left hand)
 r - an amulet of regeneration (around neck)
Wands
 v - a wand of polymorph (4)
 D - a wand of digging (1)
 E - a wand of charming (6)
 I - a wand of iceblast (24)
Scrolls
 c - 2 scrolls of fear
 f - a scroll of poison
 l - 3 scrolls of noise
 u - a scroll of enchant armour
 B - a scroll of amnesia
 G - a scroll of revelation
 H - a scroll of fog
 R - a scroll of identify
 T - 7 scrolls of teleportation
Potions
 e - 2 potions of ambrosia
 h - 2 potions of might {unknown}
 j - 4 potions of lignification
 m - 3 potions of heal wounds
 o - 2 potions of resistance
 q - a potion of enlightenment {unknown}
 w - a potion of magic
 z - 3 potions of attraction {unknown}
 A - a potion of mutation {unknown}
 Q - 7 potions of curing


   Skills:
 - Level 5.0 Fighting
 - Level 10.0 Dodging
 - Level 5.0 Stealth
 - Level 14.0 Spellcasting
 - Level 12.0 Conjurations
 - Level 7.0 Hexes
 - Level 4.0 Translocations
 * Level 11.0 Fire Magic
 - Level 5.0 Alchemy


You had 18 spell levels left.
You knew the following spells:

 Your Spells              Type           Power      Damage    Failure   Level
a - Magic Dart            Conj           100%       1d8       0%          1
b - Searing Ray           Conj           100%       2d8       1%          2
c - Fulminant Prism       Conj/Alch      40%        3d19      1%          4
d - Iskenderun's Mystic   Conj/Tloc      79%        2d16      1%          4
e - Yara's Violent Unrav  Hex/Alch       26%        3d11      1%          5
f - Irradiate             Conj/Alch      40%        3d25      1%          5

Your spell library contained the following spells:

 Spells                   Type           Power      Damage    Failure   Level
 Lesser Beckoning         Tloc           86%        N/A       1%          2
 Gell's Gravitas          Tloc           43%        N/A       1%          3
 Inner Flame              Hex/Fire       64%        N/A       1%          3
 Teleport Other           Tloc           43%        N/A       1%          3
 Eringya's Noxious Bog    Alch           24%        4d6       13%         6
 Summon Forest            Summ/Tloc      15%        N/A       30%         5
 Ignition                 Fire           35%        3d11      41%         8
 Dispersal                Tloc           21%        N/A       58%         6
 Summon Hydra             Summ           10%        N/A       100%        7


Dungeon Overview and Level Annotations

Branches:
Dungeon (12/15)            Temple (1/1) D:4            Lair (3/5) D:11
  Swamp (0/4) Lair:2      Ossuary (visited)
  Snake: Lair:2-3    Spider: Lair:2-3       Orc: D:9-12

Altars:
Ashenzari
Cheibriados
Dithmenos
Elyvilon
Fedhas
Gozag
Hepliaklqana
Kikubaaqudgha
Makhleb
Nemelex Xobeh
Okawaru
Qazlal
Ru
Sif Muna
Trog
Uskayaw
Vehumet
Wu Jian
Xom
Yredelemnul
Zin
The Shining One

Shops:
D:8 :

Annotations:
D:6 2 transporters, zenocrate's ghost, novice VSEn


Message History

The elephant is knocked back by the mystic blast.
You hear an angry growl.
The elephant tramples you!
* * * LOW HITPOINT WARNING * * *
You stumble backwards!
The elephant attacks as it pursues you! The elephant tramples you!
* * * LOW HITPOINT WARNING * * *
You hold your ground!
The elephant trunk-slaps you but does no damage.
The elephant tramples you!
* * * LOW HITPOINT WARNING * * *
You stumble backwards!
You hit the elephant.
You blast the elephant.
The elephant is heavily wounded.
The elephant misses you.
The elephant trunk-slaps you but does no damage.
The elephant barely misses you. The elephant trunk-slaps you.
* * * LOW HITPOINT WARNING * * *
Casting: Iskenderun's Mystic Blast (safe; 1% risk of failure)
Confirm with . or Enter, or press ? or * to list all spells.
You feel a surge of power!
You erupt in a blast of force!
The mystic blast hits the rime drake!
The rime drake is moderately wounded.
The rime drake is knocked back by the mystic blast.
The mystic blast hits the elephant!!
The elephant is severely wounded.
The elephant is knocked back by the mystic blast.
The mystic blast hits the elephant!
The elephant is heavily wounded.
The mystic blast hits the elephant!
The elephant is lightly wounded.
The mystic blast hits the elephant!!
The elephant is severely wounded.
The elephant is knocked back by the mystic blast.
The mystic blast hits the elephant!
The elephant is heavily wounded.
The elephant is knocked back by the mystic blast.
You hear an angry hiss.
The elephant tramples you!
* * * LOW HITPOINT WARNING * * *
You hold your ground!
The elephant barely misses you.
The elephant tramples you but does no damage.
The elephant closely misses you.
Unknown command.
Blink to where?
Press: ? - help, Dir - move target
As you read the scroll of blinking, it crumbles to dust.
The rime drake breathes ice at you. The icy flash freeze hits you!
You die...

..)....†...# #
.....†.†<...#.#
........††Y§.#
.....Y..Y..Y.##
..............#
.......$.....##
..P....Y...k...
.##............
#....@........
.........$.......
...............
...............
...............
...............
...............
#..............


You could see 5 elephants and a rime drake (catching breath).

Vanquished Creatures
  2 hydras
  2 two-headed ogres
  Erica (Lair:1)
  Amaemon (Lair:1)
  An ugly thing (D:10)
  A salamander (Lair:2)
  A cyclops (D:12)
  9 elephants
  A black mamba (Lair:2)
  6 cane toads
  An orange demon (Lair:1)
  Maggie (D:9)
  2 unseen horrors (D:11)
  Jeremiah (Lair:1)
  A rime drake (Lair:2)
  4 komodo dragons
  2 trolls (D:11)
  A polar bear (Lair:1)
  3 tyrant leeches
  Grinder (D:3)
  4 blink frogs (Lair:2)
  Sigmund (D:4)
  A wraith (D:5)
  A vampire (D:11)
  2 wyverns
  29 yaks
  3 basilisks
  A fire elemental (Lair:2)
  Menkaure (D:5)
  3 swamp worms (Lair:2)
  An acid dragon (D:8)
  10 water moccasins
  Duvessa (D:4)
  4 orc warriors
  2 black bears
  An ice beast (D:5)
  2 sky beasts
  A hornet zombie (D:7)
  2 centaurs
  3 wolves (Lair:1)
  2 phantoms (D:6)
  Blork the orc (D:6)
  2 elf zombies (Ossuary)
  4 kobold brigands
  5 bullfrogs
  3 scorpions
  Dowan (D:4)
  14 killer bees (D:9)
  6 electric eels
  A vampire bat (Lair:1)
  2 howler monkeys
  A lava snake (Lair:2)
  A bombardier beetle (D:6)
  5 human zombies (Ossuary)
  2 hounds
  4 jellies
  5 orc priests
  2 sleepcaps
  7 orc wizards
  3 iguanas
  2 crocodile zombies (Ossuary)
  2 spectral hounds (Ossuary)
  A howler monkey zombie (D:7)
  5 mummies
  Robin (D:2)
  7 adders
  A hound simulacrum (Ossuary)
  A shadow imp (D:8)
  A white imp (D:8)
  2 ufetubi (D:7)
  4 spectral gnolls (Ossuary)
  A dart slug (D:1)
  3 adder simulacra (Ossuary)
  31 orcs
  3 endoplasms
  3 giant cockroaches
  7 hobgoblins
  3 quokkas
  10 ball pythons
  8 bats
  3 frilled lizards
  6 gnoll simulacra (Ossuary)
  6 gnoll zombies (Ossuary)
  13 goblins
  2 jackal simulacra (Ossuary)
  25 kobolds
  2 kobold zombies (Ossuary)
  8 orc zombies (Ossuary)
  3 rats
  A spectral jackal (Ossuary)
351 creatures vanquished.

Vanquished Creatures (others)
  204 fulminant prisms
204 creatures vanquished.

Grand Total: 555 creatures vanquished

Notes
Turn   | Place    | Note
-------+----------+-------------------------------------------
     0 | D:1      | Sobieck the Deep Elf Conjurer began the quest for the Orb.
     0 | D:1      | Reached XP level 1. HP: 10/10 MP: 6/6
   287 | D:1      | Reached XP level 2. HP: 15/15 MP: 6/8
   309 | D:1      | Reached skill level 1 in Alchemy
   868 | D:2      | Learned a level 2 spell: Searing Ray
   950 | D:2      | Identified the +1 robe of Ceoni {MP+9 Str+7 Int-5 Dex+3}
   950 | D:2      | Noticed Robin
   969 | D:2      | Killed Robin
   970 | D:2      | Reached XP level 3. HP: 19/19 MP: 3/10
  1243 | D:2      | Reached skill level 4 in Spellcasting
  1367 | D:2      | Identified the +5 hand axe of the Lurker {venom, Will+
                  | Str+4 Int+3 SInv}
  1691 | D:2      | Reached XP level 4. HP: 24/24 MP: 9/12
  2154 | D:3      | Noticed Grinder
  2155 | D:3      | Paralysed by Grinder for 3 turns
  2167 | D:3      | Killed Grinder
  2168 | D:3      | Reached skill level 5 in Spellcasting
  2168 | D:3      | Reached skill level 3 in Alchemy
  2168 | D:3      | Reached XP level 5. HP: 25/28 MP: 0/14
  2168 | D:3      | Reached XP level 6. HP: 28/32 MP: 0/16
  2798 | D:4      | Noticed Sigmund
  2803 | D:4      | Killed Sigmund
  2804 | D:4      | Reached skill level 6 in Spellcasting
  2804 | D:4      | Reached skill level 6 in Conjurations
  2999 | D:4      | Reached XP level 7. HP: 35/36 MP: 12/18
  3167 | D:4      | Learned a level 4 spell: Fulminant Prism
  3190 | D:4      | Noticed Duvessa
  3220 | D:4      | Killed Duvessa
  3361 | D:4      | Noticed Dowan
  3366 | D:4      | Killed Dowan
  3367 | D:4      | Reached skill level 7 in Spellcasting
  3423 | D:4      | Learned a level 4 spell: Iskenderun's Mystic Blast
  3437 | D:4      | Found a staircase to the Ecumenical Temple.
  3452 | Temple   | Entered the Ecumenical Temple
  3458 | Temple   | Became a worshipper of Vehumet
  3471 | D:4      | Found a burning altar of Makhleb.
  3694 | D:4      | Found a blossoming altar of Fedhas.
  3822 | D:4      | Found a sacrificial altar of Ru.
  3906 | D:5      | Entered Level 5 of the Dungeon
  4030 | D:5      | Found a glowing golden altar of the Shining One.
  4200 | D:5      | Noticed Menkaure
  4272 | D:5      | Killed Menkaure
  4273 | D:5      | Reached skill level 8 in Spellcasting
  4273 | D:5      | Reached XP level 8. HP: 41/41 MP: 16/22
  4629 | D:5      | Reached skill level 9 in Spellcasting
  4852 | D:5      | Found a bloodstained altar of Trog.
  5150 | D:6      | Reached skill level 10 in Spellcasting
  5150 | D:6      | Reached skill level 9 in Conjurations
  5243 | D:6      | Found Zin's Purification Station.
  5263 | D:6      | Reached * piety under Vehumet
  5263 | D:6      | Offered knowledge of Kiss of Death by Vehumet.
  5288 | D:6      | Found a sand-covered staircase.
  5356 | Ossuary  | Entered an ossuary
  5608 | Ossuary  | Reached ** piety under Vehumet
  5608 | Ossuary  | Offered knowledge of Sandblast by Vehumet.
  5725 | Ossuary  | Reached XP level 9. HP: 45/45 MP: 10/25
  5746 | Ossuary  | Reached skill level 11 in Spellcasting
  6176 | Ossuary  | Reached skill level 3 in Stealth
  6176 | Ossuary  | Reached skill level 1 in Translocations
  6311 | D:6      | Reached skill level 3 in Dodging
  6413 | D:6      | Reached skill level 1 in Fighting
  6434 | D:6      | Offered knowledge of Momentum Strike by Vehumet.
  6585 | D:6      | Found a glowing silver altar of Zin.
  6593 | D:6      | Bought a potion of curing for 90 gold pieces
  6790 | D:6      | Found a shadowy altar of Dithmenos.
  7024 | D:6      | Noticed zenocrate's ghost (novice VSEn)
  7027 | D:6      | Found a transporter.
  7031 | D:6      | Found a transporter.
  7347 | D:6      | Noticed Blork the orc
  7356 | D:6      | Killed Blork the orc
  7411 | D:6      | Found a hazy altar of Hepliaklqana.
  7412 | D:6      | Found a faded altar of an unknown god.
  7701 | D:7      | Found an iron altar of Okawaru.
  8114 | D:7      | Reached *** piety under Vehumet
  8483 | D:7      | Found a basalt altar of Yredelemnul.
  9056 | D:8      | Reached skill level 3 in Translocations
  9148 | D:8      | Found a stormy altar of Qazlal.
  9182 | D:8      | Found a sparkling altar of Nemelex Xobeh.
  9274 | D:8      | Found Poitwiat's Book Shop.
  9427 | D:8      | Reached XP level 10. HP: 54/54 MP: 19/27
  9595 | D:8      | Found an ancient bone altar of Kikubaaqudgha.
  9886 | D:9      | Noticed Maggie
  9902 | D:9      | Killed Maggie
  9903 | D:9      | Reached skill level 12 in Spellcasting
 10031 | D:9      | Offered knowledge of Airstrike by Vehumet.
 10112 | D:9      | Reached skill level 3 in Fighting
 10459 | D:9      | Reached **** piety under Vehumet
 10565 | D:9      | Found a hide-covered altar of Uskayaw.
 10599 | D:9      | Offered knowledge of Yara's Violent Unravelling by Vehumet.
 10621 | D:9      | Learned a level 5 spell: Yara's Violent Unravelling
 10916 | D:10     | Entered Level 10 of the Dungeon
 10916 | D:10     | Found a shimmering blue altar of Sif Muna.
 10940 | D:10     | Reached skill level 6 in Dodging
 10940 | D:10     | Reached skill level 1 in Hexes
 11011 | D:8      | Bought a book of Spontaneous Combustion for 532 gold pieces
 11017 | D:8      | Learned a level 5 spell: Irradiate
 11113 | D:10     | Reached skill level 1 in Fire Magic
 11303 | D:10     | Reached skill level 3 in Fire Magic
 11507 | D:10     | Noticed a two-headed ogre
 11512 | D:10     | Killed a two-headed ogre
 11513 | D:10     | Reached skill level 3 in Hexes
 11513 | D:10     | Reached XP level 11. HP: 58/61 MP: 15/29
 11790 | D:10     | Found a shimmering altar of Xom.
 11792 | D:10     | Noticed a white ugly thing
 11809 | D:10     | Killed a white ugly thing
 11871 | D:9      | Identified a scroll of acquirement
 11871 | D:9      | Acquired a staff of conjuration
 12324 | D:11     | Found a staircase to the Lair.
 12341 | D:11     | Noticed a two-headed ogre
 12344 | D:11     | Killed a two-headed ogre
 12345 | D:11     | Reached skill level 13 in Spellcasting
 12547 | D:11     | Identified the +0 chain mail of Beauty {SInv}
 13087 | Lair:1   | Entered Level 1 of the Lair of Beasts
 13087 | Lair:1   | Noticed Amaemon
 13176 | Lair:1   | Reached ***** piety under Vehumet
 13179 | Lair:1   | Offered knowledge of Eringya's Noxious Bog by Vehumet.
 13180 | Lair:1   | Killed Amaemon
 13189 | Lair:1   | Noticed Erica
 13325 | Lair:1   | Killed Erica
 13326 | Lair:1   | Reached skill level 6 in Fire Magic
 13498 | Lair:1   | Reached XP level 12. HP: 68/68 MP: 15/31
 13655 | Lair:1   | Reached skill level 6 in Hexes
 13907 | Lair:1   | Noticed Jeremiah
 13944 | Lair:1   | Killed Jeremiah
 14082 | Lair:1   | Reached skill level 14 in Spellcasting
 14709 | Lair:2   | Reached skill level 9 in Dodging
 14977 | Lair:2   | Reached skill level 12 in Conjurations
 14989 | Lair:2   | Noticed a four-headed hydra
 14996 | Lair:2   | Killed a four-headed hydra
 14997 | Lair:2   | Reached skill level 9 in Fire Magic
 15867 | Lair:2   | Found a staircase to the Swamp.
 16112 | Lair:3   | Noticed a four-headed hydra
 16115 | Lair:3   | Killed a four-headed hydra
 16396 | Lair:3   | Killed from afar by a rime drake

Illustrated notes

Levels and vault maps discovered:
D:1:      heliophobic_arrival_enchanted_forest, layout_basic,
          minmay_pentomino_t4
D:2:      layout_basic, uniq_robin
D:3:      layout_basic, uniq_grinder
D:4:      layout_gridville, mainiacjoe_overflow_alcove_1,
          overflow_temple_1_default, nicolae_ru_path_of_blood,
          minmay_temple_entry_overgrown, grunt_decor_mini_mirrors, uniq_sigmund,
          uniq_duvessa
D:5:      layout_gridville, mainiacjoe_overflow_boulevard,
          nicolae_overflow_crystal_walls, uniq_menkaure
D:6:      layout_layer_cave, zin_purify, grunt_dithmenos_shadows,
          beargit_hepliaklqana_dungeon_heroes, gup_ossuary_entry_pyramid,
          gammafunk_ghost_arena
D:7:      layout_loops_corners, mainiacjoe_overflow_brackets,
          lemuel_zombie_altar_yredelemnul, water_boxes_lemuel
D:8:      layout_loops_cross, nemelex_xobeh_ov_fountains_minmay,
          old_standard_altar, nicolae_qazlal_beasts_of_the_sky, serial_shops,
          shop
D:9:      layout_roguey, old_standard_altar, uniq_maggie
D:10:     layout_irregular_city, amcnicky_altar_gilded,
          nicolae_overflow_hidden_temple
D:11:     layout_roguey, lair_entry_dummy, due_unseen_surprise
D:12:     layout_irregular_city, zombieorc2_lemuel, uniq_sonja, uniq_erolcha
Temple:   hellmonk_temple_two_chambers
Lair:1:   layout_hall_layers, roderic_batcave, beast_lair_carwin_4, uniq_erica,
          uniq_jeremiah, uniq_amaemon
Lair:2:   layout_gridlike, minmay_swamp_entry_worms, lemuel_fruit_fields,
          serial_bayou_shore_a
Lair:3:   layout_gridlike, minmay_snake_entry_guardpost_small,
          serial_bayou_shore_b

Skill      XL: |  1  2  3  4  5  6  7  8  9 10 11 12 |
---------------+-------------------------------------+-----
Alchemy        | 1 2 3 4 5 |  5.0
Spellcasting   | 4 5 6 8 10 11 12 13 14 | 14.0
Conjurations   | 5 6 7 9 10 11 12 | 12.0
Stealth        | 5 |  5.0
Translocations | 3 4 |  4.0
Dodging        | 4 6 8 10 | 10.0
Fighting       | 2 4 5 |  5.0
Hexes          | 3 5 7 |  7.0
Fire Magic     | 3 6 11 | 11.0

Action                     |  1- 3 |  4- 6 |  7- 9 | 10-12 || total
---------------------------+-------+-------+-------+-------++-------
  Melee: Staff             |       |       |       |     7 ||     7
   Cast: Magic Dart        |    62 |    40 |    48 |    18 ||   168
         Searing Ray       |     4 |     7 |    27 |     5 ||    43
         Fulminant Prism   |       |       |    82 |   122 ||   204
         Iskenderun's Myst |       |       |    15 |    76 ||    91
         Irradiate         |       |       |       |    20 ||    20
  Evoke: Wand              |       |       |       |     1 ||     1
    Use: Scroll            |       |       |    15 |     7 ||    22
         Potion            |       |       |       |     2 ||     2
 Armour: Robe              |     3 |     3 |    21 |     3 ||    30
         Steam dragon scal |       |       |       |    81 ||    81
         Skin              |       |       |       |     1 ||     1
  Dodge: Dodged            |     5 |     4 |    15 |    75 ||    99
